 Dungeon Crawl Stone Soup version 0.26-a0-639-g72c4674329 (webtiles) character file.

Game seed: 18069139703449572337

92 PrinceRibbit the Chiller (level 4, -2/30 HPs)
             Began as a Merfolk Ice Elementalist on Sept 21, 2020.
             Slain by a hippogriff (6 damage)
             ... on level 3 of the Dungeon.
             The game lasted 00:04:45 (1970 turns).

PrinceRibbit the Chiller (Merfolk Ice Elementalist) Turns: 1970, Time: 00:04:45

Health: -2/30      AC:  6    Str:  8    XL:     4   Next: 60%
Magic:  1/9        EV: 12    Int: 15    God:
Gold:   140        SH:  0    Dex: 14    Spells: 5/9 levels left

rFire    . . .     SeeInvis .   a - +0 spear
rCold    + . .     Faith    .   (no shield)
rNeg     . . .     Spirit   .   n - +3 leather armour {rC+}
rPois    .         Reflect  .   (no helmet)
rElec    .         Harm     .   (no cloak)
rCorr    .         Rampage  .   (no gloves)
MR       .....                  (no boots)
Stlth    ++........             j - amulet of magic regeneration
HPRegen  0.10/turn              (no ring)
MPRegen  0.36/turn              (no ring)

@: frozen ramparts, very slightly contaminated
A: change form in water, swift swim, stealthy swim
a: no special abilities


You were on level 3 of the Dungeon.
You visited 1 branch of the dungeon, and saw 3 of its levels.

You collected 140 gold pieces.

Inventory:

Hand Weapons
 a - a +0 spear (weapon)
 b - a +0 hunting sling
Missiles
 k - 84 stones (quivered)
 q - 11 bolts
Armour
 n - a +3 leather armour of cold resistance (worn)
Jewellery
 g - a cursed ring of teleportation {unknown}
 j - an amulet of magic regeneration (around neck)
 s - an uncursed ring of flight {unknown}
 t - an uncursed ring of protection from cold {unknown}
Scrolls
 c - a scroll of enchant armour {unknown}
 d - a scroll of magic mapping {unknown}
 f - a scroll of blinking {unknown}
 i - 6 scrolls of identify {unknown}
 m - a scroll of remove curse {unknown}
 p - a scroll of immolation {unknown}
Potions
 e - 2 potions of resistance {unknown}
 h - 3 potions of heal wounds {unknown}
 l - a potion of curing {unknown}
 o - a potion of lignification {unknown}
 r - a potion of degeneration {unknown}


   Skills:
 - Level 2.6 Dodging
 - Level 2.1 Stealth
 + Level 3.3 Spellcasting
 + Level 5.5 Ice Magic


You had 5 spell levels left.
You knew the following spells:

 Your Spells              Type           Power        Failure   Level
a - Freeze                Ice            ###.         3%          1
b - Frozen Ramparts       Ice            ###...       9%          3

Your spell library contained the following spells:

 Spells                   Type           Power        Failure   Level
 Ozocubu's Armour         Ice            ###.....     9%          3
 Hailstorm                Conj/Ice       ##......     65%         4
 Summon Ice Beast         Ice/Summ       ##......     65%         4


Dungeon Overview and Level Annotations

Branches:
Dungeon (3/15)

Altars:
Trog
The Shining One


Message History

The hippogriff is heavily wounded.
The wall freezes the hippogriff.
The hippogriff bites you.
* * * LOW HITPOINT WARNING * * *
The hippogriff pecks you.
* * * LOW HITPOINT WARNING * * *
The hippogriff claws you.
* * * LOW HITPOINT WARNING * * *
The wall freezes the hippogriff.
The hippogriff bites you but does no damage.
The hippogriff misses you. The hippogriff claws you.
* * * LOW HITPOINT WARNING * * *
The wall freezes the hippogriff.
The wall freezes the hippogriff.
The frozen ramparts melt away.
Casting: Frozen Ramparts (quite dangerous; 9% risk of failure)
Confirm with . or Enter, or press ? or * to list all spells.
The spell is quite dangerous to cast (9% risk of failure)!
Continue anyway?
The walls around you are covered in ice.
The wall freezes the hippogriff.
The hippogriff bites you.
You die...

#..###._.......##.....#
##.# #...##..##########
#)####.####..#
#.)#...###...#
#............#
#...........##########
#.#####.#.............
#.....#...############
#####@##..# #H##†.#
#.##..# #.##..# #.##.[#
#....># #######


You could see a hippogriff.

Vanquished Creatures
  3 adders (D:3)
  2 oozes (D:1)
  A worm (D:3)
  A dart slug (D:1)
  2 leopard geckos (D:3)
  2 orcs (D:3)
  4 bats
  5 giant cockroaches
  6 goblins
  3 hobgoblins
  4 jackals
  A ball python (D:1)
  A frilled lizard (D:2)
  5 kobolds
  7 rats
47 creatures vanquished.

Notes
Turn   | Place    | Note
-------+----------+-------------------------------------------
     0 | D:1      | PrinceRibbit the Merfolk Ice Elementalist began the quest
                  | for the Orb.
     0 | D:1      | Reached XP level 1. HP: 13/13 MP: 3/3
   266 | D:1      | Reached XP level 2. HP: 19/19 MP: 5/5
   673 | D:1      | Reached XP level 3. HP: 23/24 MP: 2/7
   854 | D:2      | Reached skill level 5 in Ice Magic
   933 | D:2      | Learned a level 3 spell: Frozen Ramparts
  1584 | D:3      | Reached XP level 4. HP: 30/30 MP: 6/8
  1728 | D:3      | Found a bloodstained altar of Trog.
  1814 | D:3      | Found a glowing golden altar of the Shining One.
  1939 | D:3      | Noticed a hippogriff
  1964 | D:3      | HP: 4/30 [hippogriff (4)]
  1970 | D:3      | Slain by a hippogriff

Illustrated notes

Levels and vault maps discovered:
D:1:      dpeg_arrival_round_a, layout_rooms
D:2:      layout_loops_ring, chequers_garden, chequers_serial_rivers_room_b
D:3:      layout_basic, lemuel_crystal_altar, nicolae_tso_swordbearing_angel,
          trog_three_pillars_becter

Skill      XL: |  1  2  3 |
---------------+----------+-----
Ice Magic      | 5 |  5.5
Spellcasting   | 3 |  3.3
Dodging        | |  2.6
Stealth        | |  2.1

Action                   |  1- 3 |  4- 6 || total
-------------------------+-------+-------++-------
Melee: Dagger            |    65 |       ||    65
       Unarmed           |     2 |       ||     2
       Spear             |       |     7 ||     7
 Fire: Hunting sling     |    13 |       ||    13
 Cast: Freeze            |    26 |     6 ||    32
       Frozen Ramparts   |     3 |     5 ||     8
Armor: Leather armour    |    39 |     6 ||    45
       Robe              |     2 |       ||     2
Dodge: Dodged            |    76 |    10 ||    86

Table legend: (Time is in decaauts)
 A = Elapsed time spent in this place.
 B = Non-inter-level travel time spent in this place.
 C = Inter-level travel time spent in this place.
 D = Time resting spent in this place.
 E = Time spent auto-exploring this place.
 F = Levels seen in this place.
 G = Mean time per level.
                   A        B        C        D        E       F      G
               +--------+--------+--------+--------+--------+-----+--------+
         Total |   1968 |   1924 |     44 |    270 |   1127 |   3 |  656.0 |
       Dungeon |   1968 |   1924 |     44 |    270 |   1127 |   3 |  656.0 |
               +--------+--------+--------+--------+--------+-----+--------+

Top non-repeatable levels by time:
     D:1: 831 daAuts
     D:2: 708 daAuts
     D:3: 428 daAuts
